[Event "Team 45 45 League T60"]
[Site "Internet Chess Club"]
[Date "2014.03.08"]
[Round "2"]
[White "wildkingdumb"]
[Black "nidusin2"]
[Result "1-0"]
[WhiteElo "1773"]
[BlackElo "1657"]
[Opening "Sicilian: Najdorf, Byrne (English) attack"]
[ECO "B90"]
[Time "19:47:29"]
[TimeControl "2700+45"]

1. e4 c5 2. Nf3 d6 3. d4 cxd4 4. Nxd4 Nf6 5. Nc3 a6 6. Be3 b5 7. f3 e6 8. Qd2
Bb7 9. g4 Be7 10. h4 Nc6 11. O-O-O Rc8 12. Kb1 Ne5 13. h5 b4 14. Nce2 Nc4 15.
Qc1 Nxe3 16. Qxe3 Qc7 17. Qd2 d5 18. g5 Nd7 19. Bh3 Nc5 20. g6 dxe4 21. gxf7+
Kxf7 22. fxe4 Rcd8 23. Rhf1+ Bf6 24. h6 g6 25. Rxf6+ Kxf6 26. Rf1+ Ke7 27. Qg5+
Ke8 28. Qf6 Rg8 29. Nxe6 Qe7 30. Ng7+ Rxg7 31. hxg7 Qxf6 32. g8=Q+ Ke7 33. Qxh7+
Ke8 34. Rxf6 Rd1+ 35. Nc1 Nxe4 36. Qxg6+ Kd8 37. Rf8+ Kc7 38. Rf7+ {Black
resigns} 1-0

[Event "Team 45 45 League T60"]
[Site "Internet Chess Club"]
[Date "2014.03.10"]
[Round "2"]
[White "Insan996"]
[Black "calsal"]
[Result "0-1"]
[WhiteElo "1638"]
[BlackElo "1735"]
[Opening "King's Indian: East Indian defense"]
[ECO "A48"]
[Time "23:12:25"]
[TimeControl "2700+45"]

1. d4 Nf6 2. Nf3 g6 3. e3 Bg7 4. Be2 O-O 5. b3 d6 6. Bb2 Nbd7 7. O-O Re8 8. c4
c5 9. Qc2 Nf8 10. dxc5 dxc5 11. Rd1 Qb6 12. Nc3 Bf5 13. e4 Nxe4 14. Nd5 Qa5 15.
Bxg7 Kxg7 16. Bd3 Nd6 17. Nh4 Bxd3 18. Rxd3 Ne6 19. Nxe7 Nd4 20. Rxd4 cxd4 21.
Qe2 Qg5 22. Nf3 Qxe7 23. Qd3 Qe4 24. Qd2 d3 25. h3 Qe2 26. Qc3+ Kg8 27. Nd4 Ne4
28. Nxe2 Nxc3 29. Nxc3 d2 30. Rd1 Re1+ 31. Kh2 Rae8 32. Rxd2 Kg7 33. Rd7 R8e7
34. Rd8 Rc1 35. Nd5 Re2 36. Rd7 Rxf2 37. Rxb7 Rxa2 38. Nb4 Raa1 39. Nc6 a6 40.
Ne5 Rf1 41. b4 a5 42. b5 Rae1 43. Nc6 a4 44. Ra7 a3 45. Rxa3 Rc1 46. Ra4 Rf4 47.
Ne5 Re4 48. Nd3 Rcxc4 49. Ra5 Ra4 50. Rxa4 Rxa4 51. b6 Ra3 52. b7 Rb3 53. Nc5
Rb4 54. Kg3 f5 55. Kf3 Kf7 56. g4 Ke7 57. gxf5 gxf5 58. h4 Kd6 59. Nd3 Rxb7 60.
Kf4 Rb5 61. h5 Ke6 62. Kg5 Kd5 {White forfeits on time} 0-1

[Event "Team 45 45 League T60"]
[Site "Internet Chess Club"]
[Date "2014.03.07"]
[Round "2"]
[White "alexine"]
[Black "Ajolote"]
[Result "1/2-1/2"]
[WhiteElo "1633"]
[BlackElo "1570"]
[Opening "Torre attack (Tartakower variation)"]
[ECO "D03"]
[Time "17:02:48"]
[TimeControl "2700+45"]

1. d4 d5 2. Nf3 Nf6 3. Bg5 Nbd7 4. Nbd2 e6 5. e4 dxe4 6. Nxe4 Be7 7. Bd3 Nxe4 8.
Bxe7 Qxe7 9. Bxe4 Qb4+ 10. c3 Qxb2 11. O-O Qxc3 12. d5 Nf6 13. Rc1 Qa5 14. Re1
O-O 15. d6 cxd6 16. Qxd6 Rd8 17. Qf4 Nxe4 18. Rxe4 Qf5 19. Qe3 b6 20. Rf4 Qd3
21. Qxd3 Rxd3 22. Ne5 Rd5 23. Nc6 Kf8 24. h3 Rc5 25. Rfc4 Rxc4 26. Rxc4 Bb7 27.
Ne5 Rc8 28. Ra4 a6 29. Nd7+ Ke7 30. Nxb6 Rc6 31. Nc4 Rc5 32. Ne3 Kd6 33. Nc4+
Kc6 34. Nd2 Kb5 35. Rd4 Rd5 36. a4+ Kb6 37. Rb4+ Kc6 38. Ne4 a5 39. Rc4+ Kd7 40.
Nc5+ Kc8 41. Nxe6+ Kd7 42. Nxg7 Rg5 43. Rg4 Rxg4 44. hxg4 Bc6 45. Kf1 Bxa4 46.
Ke1 Bb3 47. Kd2 Kc6 48. Nf5 Kc5 49. Kc3 Bd5 50. g3 a4 51. Ne3 a3 52. Nc2 a2 53.
Na1 Be6 54. g5 Kd5 55. Kd3 Ke5 56. Ke3 Kf5 57. f4 Kg4 58. Kf2 Bd5 59. Nc2 Bb3
60. Na1 Ba4 61. Kg2 Bd1 62. Kf2 Ba4 63. Kg2 Bb5 64. Nc2 Bc4 65. Na1 {Game drawn
by mutual agreement} 1/2-1/2

[Event "Team 45 45 League T60"]
[Site "Internet Chess Club"]
[Date "2014.03.06"]
[Round "2"]
[White "calily"]
[Black "jjaillet2007"]
[Result "1-0"]
[WhiteElo "1653"]
[BlackElo "1341"]
[Opening "Queen's pawn game"]
[ECO "D02"]
[Time "12:04:02"]
[TimeControl "2700+45"]

1. Nf3 d5 2. d4 e6 3. g3 c5 4. e3 Nc6 5. Bg2 Nf6 6. O-O Bd6 7. Nbd2 O-O 8. c4
cxd4 9. exd4 Re8 10. b3 dxc4 11. Nxc4 Bc7 12. Bb2 b5 13. Nce5 Nxe5 14. Nxe5 Nd5
15. Qh5 g6 16. Qf3 Bxe5 17. dxe5 Rb8 18. Rfd1 Bb7 19. Qg4 h5 20. Qe2 a6 21. Bd4
Ba8 22. Rac1 Qa5 23. Qd2 Qxd2 24. Rxd2 Rec8 25. Rdc2 Rxc2 26. Rxc2 Bb7 27. a3 a5
28. Rc5 Ba8 29. Bf1 a4 30. b4 Nb6 31. Rxb5 Nd7 32. Rxb8+ Nxb8 33. Bb5 Bc6 34.
Bc4 Bd5 35. Bxd5 exd5 36. Bc5 Nd7 37. f4 Kg7 38. Kf2 f6 39. Bd6 fxe5 40. Bxe5+
Kf7 41. Bd4 Ke6 42. Ke3 Kf5 43. b5 g5 44. b6 Nxb6 45. Bxb6 gxf4+ 46. gxf4 h4 47.
h3 Ke6 48. Kd4 Kf5 49. Bc7 Ke6 50. Be5 Kd7 51. Kxd5 Ke7 52. f5 Kf7 53. Kd6 Ke8
54. Ke6 Kf8 55. Bd6+ Ke8 56. f6 {Black resigns} 1-0

[Event "Team 45 45 League T60"]
[Site "Internet Chess Club"]
[Date "2014.03.09"]
[Round "2"]
[White "lacibacsi"]
[Black "IndianPawn"]
[Result "1-0"]
[WhiteElo "2006"]
[BlackElo "1929"]
[Opening "Caro-Kann: classical variation"]
[ECO "B18"]
[Time "11:00:47"]
[TimeControl "2700+45"]

1. e4 c6 2. d4 d5 3. Nc3 dxe4 4. Nxe4 Bf5 5. Ng3 Bg6 6. N1e2 h6 7. Nf4 Bh7 8.
Bc4 Nf6 9. O-O Nbd7 10. Re1 Nb6 11. Bb3 Qc7 12. Qf3 a5 13. Ngh5 Bg8 14. a4 O-O-O
15. c4 e6 16. Bd2 Nbd7 17. Rac1 Bb4 18. Bxb4 axb4 19. d5 e5 20. Nxf6 g6 21. Nd3
{Black resigns} 1-0

[Event "Team 45 45 League T60"]
[Site "Internet Chess Club"]
[Date "2014.03.09"]
[Round "2"]
[White "FourKnights"]
[Black "pishd"]
[Result "1/2-1/2"]
[WhiteElo "1754"]
[BlackElo "1766"]
[Opening "Queen's pawn game"]
[ECO "E10"]
[Time "12:08:57"]
[TimeControl "2700+45"]

1. d4 e6 2. c4 Nf6 3. Nf3 d5 4. Bf4 Bb4+ 5. Nbd2 O-O 6. e3 c5 7. cxd5 Nxd5 8.
Bg3 cxd4 9. Nxd4 Qa5 10. a3 Bxd2+ 11. Qxd2 Qxd2+ 12. Kxd2 Rd8 13. Bd3 b6 14. Ke2
Bb7 15. Rhd1 Na6 16. Bxa6 Bxa6+ 17. Ke1 Rac8 18. Rac1 {Game drawn by mutual
agreement} 1/2-1/2

[Event "Team 45 45 League T60"]
[Site "Internet Chess Club"]
[Date "2014.03.10"]
[Round "2"]
[White "SugarIslander"]
[Black "fireball"]
[Result "0-1"]
[WhiteElo "1667"]
[BlackElo "1750"]
[Opening "Budapest: Rubinstein variation"]
[ECO "A52"]
[Time "18:04:57"]
[TimeControl "2700+45"]

1. d4 Nf6 2. c4 e5 3. dxe5 Ng4 4. Bf4 Nc6 5. Nf3 Bb4+ 6. Nbd2 Qe7 7. e3 Ngxe5 8.
Nxe5 Nxe5 9. Be2 b6 10. O-O Bb7 11. a3 Bd6 12. b4 O-O-O 13. Qc2 g5 14. Bg3 h5
15. Rac1 h4 16. Bxe5 Qxe5 17. f4 Qxe3+ 18. Rf2 Bxf4 19. Bf3 Bxf3 20. gxf3 Bxh2+
21. Kf1 Bf4 22. Re1 Qxa3 23. c5 Qxb4 24. cxb6 axb6 25. Rb1 Qc5 26. Nc4 b5 27.
Qa2 Qxc4+ 28. Qxc4 bxc4 29. Ra2 d5 30. Ra8+ Kd7 31. Ra5 Ke6 {White resigns} 0-1

[Event "Team 45 45 League T60"]
[Site "Internet Chess Club"]
[Date "2014.03.09"]
[Round "2"]
[White "TerryMalloy"]
[Black "calmon59"]
[Result "1/2-1/2"]
[WhiteElo "1875"]
[BlackElo "1892"]
[Opening "French: Tarrasch, closed variation"]
[ECO "C05"]
[Time "12:04:26"]
[TimeControl "2700+45"]

1. e4 e6 2. d4 d5 3. Nd2 Nf6 4. e5 Nfd7 5. f4 c5 6. c3 Nc6 7. Ndf3 Qb6 8. g3
cxd4 9. cxd4 Be7 10. Ne2 O-O 11. Bg2 f6 12. exf6 Nxf6 13. O-O Bd7 14. h3 Ne4 15.
Kh2 Be8 16. Be3 Bg6 17. Ne5 Nxe5 18. fxe5 Rxf1 19. Bxf1 Rf8 20. Nf4 Qxb2+ 21.
Bg2 Rc8 22. Rb1 Nc3 23. Rxb2 Nxd1 24. Rxb7 Nxe3 25. Rxe7 Rc2 26. Kg1 Nxg2 27.
Nxg2 Rxa2 28. Rxe6 Ra1+ 29. Kf2 Ra2+ 30. Kg1 Ra1+ 31. Kf2 Ra2+ {Game drawn by
mutual agreement} 1/2-1/2

[Event "Team 45 45 League T60"]
[Site "Internet Chess Club"]
[Date "2014.03.08"]
[Round "2"]
[White "az2112"]
[Black "patito09"]
[Result "0-1"]
[WhiteElo "1685"]
[BlackElo "1814"]
[Opening "Queen's pawn game"]
[ECO "A46"]
[Time "12:00:50"]
[TimeControl "2700+45"]

1. d4 Nf6 2. Nf3 d6 3. Bg5 Ne4 4. Bh4 Nd7 5. e3 g6 6. Bd3 Nef6 7. Nbd2 Bg7 8.
O-O O-O 9. c3 c5 10. Rc1 Nd5 11. a3 cxd4 12. cxd4 N7f6 13. Re1 Bg4 14. h3 Bd7
15. Qe2 a6 16. Bg3 b5 17. e4 Nb6 18. e5 dxe5 19. Nxe5 Nbd5 20. Ndf3 Nh5 21. Bh2
Bh6 22. Rc5 Ndf4 23. Qe4 Bf5 24. Bxf4 Nxf4 25. Nxf7 Rxf7 26. Rd5 Nxd5 {White
resigns} 0-1

[Event "Team 45 45 League T60"]
[Site "Internet Chess Club"]
[Date "2014.03.09"]
[Round "2"]
[White "PaulaR"]
[Black "drsigmund1"]
[Result "1/2-1/2"]
[WhiteElo "1743"]
[BlackElo "1556"]
[Opening "French: Winawer, advance variation"]
[ECO "C16"]
[Time "12:08:11"]
[TimeControl "2700+45"]

1. e4 e6 2. d4 d5 3. Nc3 Bb4 4. e5 Ne7 5. Bd2 c5 6. Nb5 Bxd2+ 7. Qxd2 O-O 8.
dxc5 Nbc6 9. Nf3 a6 10. Nd6 f6 11. exf6 Rxf6 12. c4 Nf5 13. cxd5 exd5 14. Qxd5+
Be6 15. Qd2 Nxd6 16. cxd6 Bg4 17. Be2 Rxd6 18. Qf4 Qa5+ 19. Kf1 Bxf3 20. Qxf3
Qb4 21. Qc3 Qxc3 22. bxc3 Rd2 23. h4 Re8 24. Re1 b5 25. Bxb5 Rxe1+ 26. Kxe1 Rb2
27. Bc4+ {Game drawn by mutual agreement} 1/2-1/2

[Event "Team 45 45 League T60"]
[Site "Internet Chess Club"]
[Date "2014.03.07"]
[Round "2"]
[White "SlimeDog2"]
[Black "santiagoelawad"]
[Result "1/2-1/2"]
[WhiteElo "1967"]
[BlackElo "1959"]
[Opening "QGD Slav: 4.e3 Bf5"]
[ECO "D12"]
[Time "20:19:11"]
[TimeControl "2700+45"]

1. d4 d5 2. Nf3 Nf6 3. c4 c6 4. e3 Bf5 5. Nc3 e6 6. Nh4 Bg6 7. a3 Bd6 8. c5 Bc7
9. Nxg6 hxg6 10. h3 Nbd7 11. b4 a6 12. Qc2 Qe7 13. Be2 e5 14. Bb2 Qe6 15. a4 Qf5
16. Qd2 Qg5 17. Kf1 exd4 18. Qxd4 Rh4 19. Qd2 Rxb4 20. Nb5 Rxb2 21. Nxc7+ Kd8
22. Qxb2 Kxc7 23. Rb1 Rb8 24. Qb4 Ne4 25. Qa5+ Kc8 26. Rc1 Qf6 27. Bf3 Qb2 28.
Qe1 Nd2+ 29. Kg1 Nxf3+ 30. gxf3 Ne5 31. Qd1 Nxf3+ 32. Kg2 Nh4+ 33. Kf1 Qf6 {Game
drawn by mutual agreement} 1/2-1/2

[Event "Team 45 45 League T60"]
[Site "Internet Chess Club"]
[Date "2014.03.07"]
[Round "2"]
[White "Slypawn"]
[Black "sharky123"]
[Result "0-1"]
[WhiteElo "1784"]
[BlackElo "1798"]
[Opening "English opening"]
[ECO "A20"]
[Time "17:02:47"]
[TimeControl "2700+45"]

1. c4 e5 2. g3 Nc6 3. Bg2 Nf6 4. Nc3 Bb4 5. Nd5 Nxd5 6. Bxd5 d6 7. a3 Ba5 8. b4
Bb6 9. e3 Ne7 10. Bg2 O-O 11. Ne2 c6 12. O-O Be6 13. Qc2 d5 14. Bb2 Ng6 15. f4
exf4 16. Nxf4 Nxf4 17. gxf4 dxc4 18. f5 Bd5 19. f6 g6 20. Qd1 Bxg2 21. Kxg2 Qd5+
22. Rf3 Rad8 23. Bc3 Bxe3 24. Ra2 Bd4 25. Qe1 Bxc3 26. dxc3 Qg5+ 27. Kh1 Rfe8
28. Re2 Rxe2 29. Qxe2 Qc1+ 30. Rf1 Qxc3 31. Qe7 Qd3 32. Re1 Qf3+ 33. Kg1 Qg4+
34. Kh1 Qc8 35. Qe3 Qe6 {White resigns} 0-1

[Event "Team 45 45 League T60"]
[Site "Internet Chess Club"]
[Date "2014.03.16"]
[Round "2"]
[White "jt2000"]
[Black "cityprosecutor"]
[Result "1-0"]
[WhiteElo "1972"]
[BlackElo "1771"]
[Opening "Pirc defense"]
[ECO "B07"]
[Time "12:06:23"]
[TimeControl "2700+45"]

1. e4 d6 2. d4 Nf6 3. Nc3 g6 4. h3 Nc6 5. Nf3 Bg7 6. Be3 O-O 7. Be2 Nd7 8. O-O
e5 9. dxe5 Ndxe5 10. Nxe5 Bxe5 11. f4 Bg7 12. f5 a6 13. Bc4 Qh4 14. Bb3 Ne5 15.
Qd2 h6 16. Nd5 c6 17. f6 cxd5 18. fxg7 Kxg7 19. Bxd5 Bxh3 20. Bxh6+ Qxh6 21.
Qxh6+ Kxh6 22. gxh3 Ra7 23. Rf6 Kg5 24. Raf1 b5 25. Rxd6 Rh8 26. Kg2 f5 27. exf5
gxf5 28. Be6 f4 29. Rd5 Kf6 30. Bg4 Rg7 31. Rxf4+ {Black resigns} 1-0

[Event "Team 45 45 League T60"]
[Site "Internet Chess Club"]
[Date "2014.03.09"]
[Round "2"]
[White "acejackace"]
[Black "Warpdrive"]
[Result "0-1"]
[WhiteElo "1459"]
[BlackElo "1754"]
[Opening "Réti opening"]
[ECO "A05"]
[Time "22:04:02"]
[TimeControl "2700+45"]

1. Nf3 Nf6 2. g3 d5 3. Bg2 c6 4. O-O Bf5 5. Nh4 Bg6 6. d3 e6 7. Nd2 Nbd7 8. c4
Be7 9. cxd5 exd5 10. Nxg6 hxg6 11. Re1 Qb6 12. Nf1 Bd6 13. Ne3 O-O-O 14. Qb3
Rde8 15. Qxb6 Nxb6 16. Bd2 Nbd7 17. b4 Nb8 18. a4 Re7 19. Rac1 Rc7 20. b5 Kd7
21. h4 b6 22. bxc6+ Rxc6 23. Rxc6 Nxc6 24. Nxd5 Nxd5 25. Bxd5 Nd8 26. Rc1 Rh5
27. Bf3 Rc5 28. Rd1 Be5 29. Bb4 Rc2 30. a5 Bc3 31. Bxc3 Rxc3 32. axb6 axb6 33.
Ra1 Nc6 34. Bd5 f6 35. Kg2 Rc5 36. Bb3 Nd4 37. Ra7+ Rc7 38. Ba4+ Kd6 39. Ra6 Kc5
40. Kf1 b5 41. Bd1 Kb4 42. Ra1 Rc3 43. Rb1+ Kc5 44. e3 Ne6 45. d4+ Kb6 46. Be2
Nc7 47. d5 Rc5 48. d6 Ne6 49. Rd1 Nd8 50. f4 f5 51. g4 Kc6 52. Bf3+ Kd7 53. gxf5
gxf5 54. Bh5 Nb7 55. Ra1 Nxd6 56. Ra7+ Rc7 57. Rxc7+ Kxc7 58. Ke2 Kb6 59. Kd3
Kc5 60. Bg6 b4 61. Kc2 Kc4 62. Bh7 b3+ 63. Kb2 Kd3 64. Kxb3 Kxe3 65. Kc3 Kxf4
66. h5 Kg5 67. Bg6 Ne4+ 68. Kd3 Ng3 69. Ke3 Nxh5 70. Bxh5 {White resigns} 0-1

[Event "Team 45 45 League T60"]
[Site "Internet Chess Club"]
[Date "2014.03.10"]
[Round "2"]
[White "lemorgado"]
[Black "Goli"]
[Result "1/2-1/2"]
[WhiteElo "1969"]
[BlackElo "1776"]
[Opening "Robatsch (modern) defense"]
[ECO "B06"]
[Time "19:19:08"]
[TimeControl "2700+45"]

1. e4 g6 2. d4 Bg7 3. Nc3 d6 4. Be3 Nf6 5. f3 O-O 6. Qd2 Nc6 7. O-O-O e5 8. Nge2
exd4 9. Nxd4 Ne5 10. Bh6 a6 11. h4 b5 12. h5 c5 13. Bxg7 Kxg7 14. hxg6 fxg6 15.
Qh6+ Kg8 16. Nde2 Nf7 17. Qh2 Kg7 18. Nf4 Rh8 19. Be2 c4 20. Ncd5 Nxd5 21. Nxd5
Be6 22. f4 Bxd5 23. Rxd5 Qe7 24. Bf3 Rab8 25. Qh4 Qxh4 26. Rxh4 Rhd8 27. c3 h6
28. Rh1 Kf6 29. a3 Kg7 30. Rhd1 Kf6 31. Kd2 Ke7 32. Ke3 Kf6 33. g3 Ke7 34. Kd2
Kf6 35. Kc2 Ke7 36. R5d4 Rb6 37. a4 Rbb8 38. Ra1 Rb6 39. axb5 axb5 40. Ra7+ Rd7
41. Ra1 Rd8 42. Bg4 Rdb8 43. Bf3 Rd8 {Game drawn by repetition} 1/2-1/2

[Event "Team 45 45 League T60"]
[Site "Internet Chess Club"]
[Date "2014.03.09"]
[Round "2"]
[White "room-matt"]
[Black "Agarnez"]
[Result "1/2-1/2"]
[WhiteElo "1837"]
[BlackElo "2010"]
[Opening "French: MacCutcheon, Janowski variation"]
[ECO "C12"]
[Time "10:02:24"]
[TimeControl "2700+45"]

1. e4 e6 2. d4 d5 3. Nc3 Nf6 4. Bg5 Bb4 5. e5 h6 6. Be3 Ne4 7. Qg4 Nxc3 8. Qxg7
Rf8 9. a3 Ba5 10. Bd2 c5 11. bxc3 cxd4 12. cxd4 Bxd2+ 13. Kxd2 Qh4 14. Nf3 Qf4+
15. Kd1 Nc6 16. c3 Bd7 17. Rb1 O-O-O 18. Qg3 Qf5 19. Nd2 Na5 20. Kc1 Rg8 21. Qe3
Qh5 22. Be2 Qh4 23. g3 Qe7 24. Ra1 Kb8 25. Kb2 Ba4 26. Rhc1 Qc7 27. Rab1 Rc8 28.
Ka2 Ka8 29. Rb4 Bd7 30. c4 dxc4 31. Nxc4 Nxc4 32. Rbxc4 Qb6 33. Rc5 Bc6 34. Bf3
h5 35. Bxc6 Rxc6 36. Rxc6 bxc6 37. Qf3 Rc8 38. Rc5 a6 39. Qc3 Rb8 40. a4 Rc8 41.
a5 Qb7 42. Rc4 Qd7 43. Qb4 Rb8 44. Qc5 Rb5 45. Qxc6+ Qxc6 46. Rxc6 Rxa5+ 47. Kb3
Kb7 48. Rd6 Kc7 49. f4 Ra1 50. Kc3 a5 51. d5 exd5 52. Rxd5 Ra2 53. Rc5+ Kd7 54.
Rd5+ Ke7 55. f5 Rxh2 56. Rxa5 Rg2 57. Ra7+ Ke8 58. Ra8+ Kd7 59. Ra7+ Ke8 60.
Ra8+ Kd7 {Game drawn by mutual agreement} 1/2-1/2

[Event "Team 45 45 League T60"]
[Site "Internet Chess Club"]
[Date "2014.03.08"]
[Round "2"]
[White "Manas"]
[Black "Duguesclin"]
[Result "1/2-1/2"]
[WhiteElo "1720"]
[BlackElo "1702"]
[Opening "Sicilian: Grand Prix attack"]
[ECO "B23"]
[Time "15:00:57"]
[TimeControl "2700+45"]

1. e4 c5 2. Nc3 Nc6 3. f4 d6 4. Nf3 Bg4 5. Bb5 Qb6 6. a4 O-O-O 7. Nd5 Qa5 8.
Bxc6 bxc6 9. Ne3 Bxf3 10. Qxf3 g6 11. O-O Bg7 12. c3 Qa6 13. Nc2 h5 14. d4 cxd4
15. cxd4 Qc4 16. Qc3 Qxc3 17. bxc3 Nf6 18. Re1 Nd7 19. a5 c5 20. e5 cxd4 21.
cxd4 dxe5 22. dxe5 Nb8 23. Be3 Rd7 24. Nd4 a6 25. Rec1+ Rc7 26. Rxc7+ Kxc7 27.
Rc1+ Kd7 28. Nb3 Rc8 29. Rd1+ Ke8 30. Bb6 e6 31. Nc5 Bf8 32. Nb7 Nc6 33. Nd6+
Bxd6 34. exd6 Kd7 35. Bc7 e5 36. fxe5 Nxe5 37. Rb1 Nc4 38. Rb7 f5 39. Ra7 {Game
drawn by mutual agreement} 1/2-1/2

[Event "Team 45 45 League T60"]
[Site "Internet Chess Club"]
[Date "2014.03.09"]
[Round "2"]
[White "BrerRabbit"]
[Black "Innes"]
[Result "1/2-1/2"]
[WhiteElo "1522"]
[BlackElo "1702"]
[Opening "QGD Slav: 4.e3"]
[ECO "D11"]
[Time "19:01:40"]
[TimeControl "2700+45"]

1. d4 d5 2. Nf3 c6 3. e3 Nf6 4. c4 a6 5. Bd3 dxc4 6. Bxc4 e6 7. O-O Be7 8. Nbd2
O-O 9. a4 Nbd7 10. b3 c5 11. Ba3 cxd4 12. Bxe7 Qxe7 13. Nxd4 Ne5 14. Be2 Rd8 15.
Qc2 Bd7 16. Rac1 Rac8 17. Qb2 Ng6 18. Rxc8 Rxc8 19. Nc4 e5 20. Nf3 e4 21. Nd4
Nd5 22. Rd1 Qg5 23. Nd6 Bh3 24. g3 Nxe3 25. fxe3 Qxe3+ 26. Kh1 Qf2 27. Rg1 Rd8
28. Nxf7 Qxd4 29. Qxd4 Rxd4 30. Ng5 Bd7 31. Rf1 Ne5 32. Rf4 Bc6 33. Kg1 h6 34.
Ne6 Rd6 35. Nc5 Rf6 36. Rxf6 gxf6 37. Kf2 Kf7 38. Ke3 f5 39. Kf4 Kf6 40. Ke3 Nf3
41. Bxf3 exf3 42. Kf2 Kg5 43. h3 h5 44. Ne6+ Kf6 45. Nd4 Bd5 46. b4 Ke5 47.
Nxf3+ Bxf3 48. Kxf3 b5 49. axb5 axb5 50. Ke3 Ke6 51. Kd4 Kd6 52. Ke3 Ke5 53. Kd3
f4 54. gxf4+ Kxf4 55. Kd4 Kg3 56. Kc5 Kxh3 57. Kxb5 Kg2 58. Kc5 h4 59. b5 h3 60.
b6 h2 61. b7 h1=Q 62. b8=Q Qc1+ 63. Kd5 Qd2+ 64. Kc6 {Game drawn by mutual
agreement} 1/2-1/2